 Dungeon Crawl Stone Soup version 0.23.0-3-gf3c87f2df8 (webtiles) character file.

Game seed: 13264286639058332286

4038 Delanovic the Fighter (level 10, 0/106 HPs)
             Began as an Ogre Fire Elementalist on Feb 22, 2019.
             Was an Initiate of Qazlal.
             Slain by a three-headed hydra (14 damage)
             ... on level 8 of the Dungeon.
             The game lasted 00:26:03 (10775 turns).

Delanovic the Fighter (Ogre Fire Elementalist)     Turns: 10775, Time: 00:26:04

Health: 0/106      AC:  4    Str: 14    XL:     10   Next: 24%
Magic:  9/22       EV: 15    Int: 19    God:    Qazlal [......]
Gold:   358        SH:  0    Dex: 18    Spells: 8/26 levels left

rFire    . . .     SeeInvis .   e - +4 mace
rCold    . . .     Gourm    .   (no shield)
rNeg     . . .     Faith    .   a - +0 robe
rPois    +         Spirit   .   (helmet restricted)
rElec    .         Reflect  .   q - +0 cloak
rCorr    .         Harm     .   (gloves unavailable)
MR       +....                  (boots unavailable)
Stlth    +++.......             (no amulet)
HPRegen  0.27/turn              p - +4 ring of dexterity
MPRegen  0.18/turn              B - ring of poison resistance

@: agile
A: large, unfitting armour, tough skin 1
a: Renounce Religion


You were on level 8 of the Dungeon.
You worshipped Qazlal.
Qazlal was noncommittal.
You were not hungry.

You visited 2 branches of the dungeon, and saw 9 of its levels.

You collected 358 gold pieces.

Inventory:

Hand Weapons
 e - a +4 mace (weapon)
 i - a +2 mace of draining
 l - a +0 giant spiked club
Armour
 a - a +0 robe (worn)
 q - a +0 cloak (worn)
Magical Staves
 w - an uncursed staff of earth
Jewellery
 h - an uncursed ring of flight
 p - a +4 ring of dexterity (left hand)
 r - an uncursed ring of protection from cold
 v - an uncursed ring of protection from fire
 B - a ring of poison resistance (right hand)
Wands
 y - a wand of acid (6)
 A - a wand of random effects (30)
Scrolls
 b - a scroll of random uselessness {unknown}
 d - a scroll of immolation
 f - a scroll of identify
 g - 2 scrolls of teleportation {unknown}
 j - 5 scrolls of remove curse
 o - 4 scrolls of magic mapping {unknown}
 s - a scroll of enchant armour {unknown}
 t - a scroll of fear {unknown}
 u - a scroll of acquirement
 x - a scroll of amnesia
 z - a scroll of enchant weapon {unknown}
Potions
 k - a potion of resistance
 C - 2 potions of curing
Comestibles
 c - 11 rations
 D - 3 chunks of flesh


   Skills:
 + Level 8.7 Fighting
 - Level 1.7 Dodging
 - Level 1.4 Stealth
 + Level 8.5 Spellcasting
 + Level 6.8 Conjurations
 + Level 7.3 Fire Magic


You had 8 spell levels left.
You knew the following spells:

 Your Spells              Type           Power        Failure   Level  Hunger
a - Flame Tongue          Conj/Fire      #####        1%          1    None
b - Throw Flame           Conj/Fire      #####.       1%          2    None
c - Conjure Flame         Conj/Fire      #####...     1%          3    None
d - Sticky Flame          Conj/Fire      #####...     4%          4    ###....
e - Inner Flame           Hex/Fire       ###.....     6%          3    None
f - Fireball              Conj/Fire      #####.....   13%         5    #####..

Your spell library contained the following spells:

 Spells                   Type           Power        Failure   Level  Hunger


Dungeon Overview and Level Annotations

Branches:
Dungeon (8/15)             Temple (1/1) D:7
   Lair: D:8-11

Altars:
Ashenzari
Cheibriados
Dithmenos
Elyvilon
Fedhas
Gozag
Hepliaklqana
Kikubaaqudgha
Makhleb
Nemelex Xobeh
Okawaru
Qazlal
Ru
Sif Muna
Trog
Uskayaw
Vehumet
Wu Jian
Xom
Yredelemnul
Zin
The Shining One


Innate Abilities, Weirdness & Mutations

You are too large for most types of armour.
You have tough skin. (AC +1)


Message History

Press: ? - help, Shift-Dir - straight line, f/p - three-headed hydra
Aim: a three-headed hydra (severely wounded, covered in liquid flames)
The sticky flame hits the three-headed hydra.
The three-headed hydra is severely wounded.
The three-headed hydra is covered in liquid flames!
The three-headed hydra burns!
The three-headed hydra barely misses you. x2
The three-headed hydra completely misses you.
The big kobold hits you but does no damage.
Casting: Sticky Flame (safe; 4% risk of failure)
Confirm with . or Enter, or press ? or * to list all spells.
Aiming: Sticky Flame (safe; 4% risk of failure)
Press: ? - help, Shift-Dir - straight line, f/p - three-headed hydra
Aim: a three-headed hydra (severely wounded, covered in liquid flames)
The sticky flame hits the three-headed hydra!
The three-headed hydra is almost dead.
The three-headed hydra burns!
The three-headed hydra bites you.
* * * LOW HITPOINT WARNING * * *
The three-headed hydra bites you!
You die...

####......#.....# ...
..........##'''###+# #.#+##
####......#.....P≈.# # #....#
#####'#####..P..≈≈P# #.#....#
#.......# #..(..P)≈#
#.#....##### #.......#
#......≈P# #.....Y'....
#.......# #.≈.≈.≈PP#
#.#....##### #.......#
####.##### #......# #.).....#
#...D@..#######K## #.......#
#...K........†..# #.......#
#..÷..#.##############
#.###'###
#.....#.#######....... #.#
#.# ##.......#.............
#.#
#.#####...####.#.#####.####..
#.# #.##.........#.#.#...#.#
#.. #.#
#.##.##........#.#.#.#'## #..
#.# #.##.##...##.#.#.#.#....#
##+


You could see a three-headed hydra (burning) and a big kobold.

Vanquished Creatures
  2 dream sheep (D:8)
  2 hippogriffs
  Sigmund (D:2)
  2 yaks (D:8)
  2 sky beasts
  2 ice beasts (D:5)
  3 ogres
  2 phantoms
  3 big kobolds
  3 bullfrogs
  4 scorpions
  5 killer bees (D:8)
  2 howler monkeys
  2 crimson imps
  3 hounds
  2 centaur zombies
  2 jellies (D:6)
  7 orc priests
  3 bullfrog skeletons
  5 orc wizards
  Crazy Yiuf (D:4)
  2 iguanas
  5 worker ants
  A hound zombie (D:5)
  Robin (D:2)
  A howler monkey skeleton (D:7)
  4 gnolls (D:2)
  5 adders
  An ooze (D:2)
  An adder zombie (D:5)
  An adder skeleton (D:5)
  6 worms
  3 dart slugs
  2 leopard geckos
  19 orcs
  7 bats
  7 giant cockroaches
  19 goblins
  12 hobgoblins
  3 jackals (D:7)
  4 quokkas (D:3)
  A ball python (D:6)
  4 frilled lizards
  11 kobolds
  5 rats
183 creatures vanquished.

Notes
Turn   | Place    | Note
-------+----------+-------------------------------------------
     0 | D:1      | Delanovic the Ogre Fire Elementalist began the quest for
                  | the Orb.
     0 | D:1      | Reached XP level 1. HP: 16/16 MP: 3/3
    44 | D:1      | Reached skill level 1 in Conjurations
   121 | D:1      | Reached XP level 2. HP: 19/24 MP: 1/5
   127 | D:1      | Learned a level 2 spell: Throw Flame
   989 | D:2      | Reached XP level 3. HP: 29/31 MP: 1/7
  1198 | D:2      | Noticed Sigmund
  1250 | D:2      | Killed Sigmund
  1250 | D:2      | Reached XP level 4. HP: 31/39 MP: 2/10
  1250 | D:2      | Reached XP level 5. HP: 36/45 MP: 2/11
  1615 | D:2      | Reached skill level 1 in Fighting
  1615 | D:2      | Reached XP level 6. HP: 55/55 MP: 9/12
  1924 | D:2      | Noticed Robin
  1962 | D:2      | Killed Robin
  2508 | D:2      | Learned a level 3 spell: Conjure Flame
  3074 | D:3      | Found an iron altar of Okawaru.
  3190 | D:3      | Found a burning altar of Makhleb.
  3190 | D:3      | Found a radiant altar of Vehumet.
  3191 | D:3      | Found a sparkling altar of Nemelex Xobeh.
  3327 | D:3      | Noticed a sky beast
  3619 | D:3      | Killed a sky beast
  3619 | D:3      | Reached XP level 7. HP: 60/67 MP: 11/14
  3720 | D:3      | Reached skill level 5 in Spellcasting
  4644 | D:4      | Reached skill level 5 in Fire Magic
  4644 | D:4      | Reached XP level 8. HP: 49/78 MP: 16/16
  5057 | D:4      | Found a runed translucent door.
  5058 | D:4      | Noticed Crazy Yiuf
  5063 | D:4      | Killed Crazy Yiuf
  5293 | D:5      | Entered Level 5 of the Dungeon
  5498 | D:5      | Reached skill level 5 in Fighting
  6112 | D:6      | Learned a level 4 spell: Sticky Flame
  6130 | D:6      | Reached skill level 5 in Conjurations
  6447 | D:6      | Reached XP level 9. HP: 89/89 MP: 11/19
  6881 | D:6      | Learned a level 3 spell: Inner Flame
  7686 | D:7      | Identified a scroll of acquirement
  8027 | D:7      | Found a staircase to the Ecumenical Temple.
  8234 | D:7      | Found a burning altar of Makhleb.
  8353 | Temple   | Entered the Ecumenical Temple
  8516 | Temple   | Became a worshipper of Qazlal Stormbringer
  9299 | D:8      | Learned a level 5 spell: Fireball
  9828 | D:8      | Reached XP level 10. HP: 50/104 MP: 15/22
 10752 | D:8      | Noticed a three-headed hydra
 10775 | D:8      | Slain by a three-headed hydra

Skill      XL: |  1  2  3  4  5  6  7  8  9 |
---------------+----------------------------+-----
Conjurations   | 1 2 3 4 5 6 |  6.8
Fire Magic     | 3 4 5 7 |  7.3
Spellcasting   | 3 4 5 6 8 |  8.5
Fighting       | 1 3 4 6 8 |  8.7
Dodging        | |  1.7
Stealth        | |  1.4

Action                   |  1- 3 |  4- 6 |  7- 9 | 10-12 || total
-------------------------+-------+-------+-------+-------++-------
Melee: Unarmed           |     6 |       |       |       ||     6
       Club              |     6 |    10 |       |       ||    16
       Mace              |       |    62 |    97 |    10 ||   169
       Giant spiked club |       |       |     8 |       ||     8
 Cast: Flame Tongue      |    28 |    51 |   146 |    13 ||   238
       Throw Flame       |    14 |    47 |    65 |     3 ||   129
       Sticky Flame      |       |       |    18 |     9 ||    27
       Conjure Flame     |       |       |     8 |     1 ||     9
       Inner Flame       |       |       |     1 |       ||     1
  Use: Scroll            |     1 |       |     6 |       ||     7
       Potion            |       |     3 |       |     5 ||     8
 Stab: Sleeping          |       |       |     1 |       ||     1
  Eat: Chunk             |     1 |     8 |    12 |     5 ||    26
       Ration            |       |       |     3 |       ||     3
Armor: Robe              |     4 |    34 |    44 |     7 ||    89
Dodge: Dodged            |    10 |    56 |    94 |    23 ||   183
